 Dungeon Crawl Stone Soup version 0.31.0-32-g396128a36d (webtiles) character file.

Game seed: 14840899419736566900

119 PaiMei the Grave Robber (level 4, 0/33 HPs)
             Began as a Demonspawn Necromancer on Apr 2, 2024.
             Slain by an orc
             ... wielding a +0 mace
              (3 damage)
             ... on level 3 of the Dungeon.
             The game lasted 00:02:13 (2564 turns).

PaiMei the Grave Robber (Demonspawn Necromancer)    Turns: 2564, Time: 00:02:13

Health: 0/33       AC:  2    Str:  9    XL:     4   Next: 73%
Magic:  1/8        EV: 12    Int: 20    God:
Gold:   68         SH:  0    Dex: 13    Spells: 4/8 levels left

rFire   + + .        m - +9 whip "Jounuf" {freeze, rF++ rN+ Int+3}
rCold   . . .        (no shield)
rNeg    + . .        a - +0 robe
rPois   .            (helmet restricted)
rElec   .            (no cloak)
rCorr   .            (no gloves)
SInv    .            (no boots)
Will    .....        (no amulet)
Stlth   ++           (no ring)
HPRegen 0.25/turn    (no ring)
MPRegen 0.11/turn

%: no passive effects
@: no status effects
A: horns 2, demonic guardian 1
a: no special abilities


You were on level 3 of the Dungeon.
You visited 1 branch of the dungeon, and saw 3 of its levels.

You collected 68 gold pieces.

Inventory:

Hand Weapons
 m - the +9 whip "Jounuf" (weapon) {freeze, rF++ rN+ Int+3}
   (You took it off a kobold on level 2 of the Dungeon)

   Int+3:     It affects your intelligence (+3).
   rF++:      It greatly protects you from fire.
   rN+:       It protects you from negative energy.
Armour
 a - a +0 robe (worn)
Scrolls
 g - 2 scrolls of identify {unknown}
 i - a scroll of noise {unknown}
 j - 3 scrolls of fear {unknown}
 k - a scroll of amnesia {unknown}
 l - a scroll of teleportation {unknown}
 n - a scroll of poison {unknown}
Potions
 b - a potion of magic
 c - a potion of lignification {unknown}
 d - 2 potions of might {unknown}
 e - a potion of heal wounds {unknown}
 h - a potion of curing {unknown}


   Skills:
 + Level 1.8 Fighting
 + Level 2.7 Dodging
 - Level 2.0 Stealth
 + Level 2.8 Spellcasting
 + Level 5.1 Necromancy


You had 4 spell levels left.
You knew the following spells:

 Your Spells              Type           Power      Damage    Failure   Level
a - Necrotise             Necr           92%        1d8       1%          1
b - Vampiric Draining     Necr           23%        2d7       5%          3

Your spell library contained the following spells:

 Spells                   Type           Power      Damage    Failure   Level
 Animate Dead             Necr           23%        N/A       19%         4
 Curse of Agony           Necr           23%        N/A       45%         5


Dungeon Overview and Level Annotations

Branches:
Dungeon (3/15)

Altars:


Innate Abilities, Weirdness & Mutations

You have a pair of horns on your head.
A weak demonic guardian rushes to your aid.


Message History

Confirm with . or Enter, or press ? or * to list all spells.
Aiming: Vampiric Draining (dangerous; 5% risk of failure)
Press: ? - help, Shift-Dir - straight line, f/p - sleepcap
Aim: a sleepcap (lightly damaged)
You draw life force from the sleepcap!
The sleepcap attacks as it pursues you! The sleepcap closely misses you.
Casting: Vampiric Draining (dangerous; 5% risk of failure)
Confirm with . or Enter, or press ? or * to list all spells.
Aiming: Vampiric Draining (dangerous; 5% risk of failure)
Press: ? - help, Shift-Dir - straight line, f/p - sleepcap
Aim: a sleepcap (heavily damaged)
You draw life force from the sleepcap!
The sleepcap releases spores at you.
The gnoll hits you from afar with a +0 spear.
A demonic guardian appears!
The gnoll shouts!
The sleepcap attacks as it pursues you! The sleepcap releases spores at you.
Casting: Vampiric Draining (dangerous; 5% risk of failure)
Confirm with . or Enter, or press ? or * to list all spells.
You don't have enough magic to cast this spell.
You swap places.
The sleepcap releases spores at you.
You are engulfed in a cloud of soporific spores!
You fall asleep.
Your iron imp hits the sleepcap.
The sleepcap closely misses your iron imp.
Your iron imp hits the sleepcap but does no damage.
The gnoll barely misses you. The orc hits you with a +0 mace!
You wake up.
* * * LOW HITPOINT WARNING * * *
A demonic guardian appears!
Unknown command.
You hit the gnoll. You freeze the gnoll. You headbutt the gnoll.
The gnoll is almost dead.
The sleepcap releases spores at your iron imp.
The gnoll hits you with a +0 spear.
* * * LOW HITPOINT WARNING * * *
The orc closely misses you.
Your iron imp hits the sleepcap!
The sleepcap is destroyed!
You hit the gnoll. You freeze the gnoll.
You kill the gnoll!
The orc hits you with a +0 mace.
You die...

#.# #.# #.#### ### #.##..
... # #.##.# #.## #
####.##.##.###..##.###
.........#)#.#........
###..#@og......#
#....55#.##.##.# ..
###.#......g..g.
##..#####........#......g.
#.....<...#...#..........#.#
..#.#####.##.###.#.#.....# #
#....# #.#.#.###.# ######
#.#.... og ## ##


You could see 2 gnolls, an orc (ally target) and 2 friendly iron imps.

Vanquished Creatures
  Jessica (D:2)
  3 gnolls
  3 dart slugs
  5 endoplasms
  A giant cockroach (D:2)
  4 goblins
  A quokka (D:2)
  3 ball pythons (D:1)
  3 bats
  A frilled lizard (D:1)
  6 kobolds
31 creatures vanquished.

Vanquished Creatures (collateral kills)
  A sleepcap (D:3)
  A gnoll (D:2)
2 creatures vanquished.

Grand Total: 33 creatures vanquished

Notes
Turn   | Place    | Note
-------+----------+-------------------------------------------
     0 | D:1      | PaiMei the Demonspawn Necromancer began the quest for the
                  | Orb.
     0 | D:1      | Reached XP level 1. HP: 13/13 MP: 3/3
   335 | D:1      | Gained mutation: A weak demonic guardian rushes to your
                  | aid. [demonic ancestry]
   335 | D:1      | Reached XP level 2. HP: 18/19 MP: 0/5
  1367 | D:2      | Gained mutation: You have a pair of small horns on your
                  | head. [demonic ancestry]
  1367 | D:2      | Reached XP level 3. HP: 13/25 MP: 2/6
  1552 | D:2      | Reached skill level 1 in Fighting
  1818 | D:2      | Learned a level 3 spell: Vampiric Draining
  2108 | D:2      | Identified the +9 whip "Jounuf" {freeze, rF++ rN+ Int+3}
  2315 | D:2      | Noticed Jessica
  2322 | D:2      | Killed Jessica
  2323 | D:2      | Reached skill level 5 in Necromancy
  2323 | D:2      | Gained mutation: You have a pair of horns on your head.
                  | [demonic ancestry]
  2323 | D:2      | Reached XP level 4. HP: 32/32 MP: 1/8
  2553 | D:3      | Noticed an orc warrior
  2564 | D:3      | Slain by an orc

Illustrated notes

Levels and vault maps discovered:
D:1:      dpeg_arrival_three_same_balls, layout_loops_corners, minmay_3d_cube
D:2:      layout_rooms, uniq_jessica
D:3:      layout_basic

Skill      XL: |  1  2  3 |
---------------+----------+-----
Dodging        | 2 |  2.7
Stealth        | 2 |  2.0
Fighting       | 1 |  1.8
Necromancy     | 5 |  5.1
Spellcasting   | |  2.8

Action                     |  1- 3 |  4- 6 || total
---------------------------+-------+-------++-------
  Melee: Unarmed           |     3 |       ||     3
         Club              |     2 |       ||     2
         Mace              |     8 |       ||     8
         Whip              |       |     2 ||     2
         Headbutt          |       |     1 ||     1
   Cast: Necrotise         |    69 |     2 ||    71
         Vampiric Draining |       |     2 ||     2
 Armour: Robe              |    15 |     7 ||    22
  Dodge: Dodged            |    15 |     3 ||    18
